 Dungeon Crawl Stone Soup version 0.26.1-2-gb8aa6d0cf2 (webtiles) character file.

Game seed: 946969405219225492

66 rel the Cutter (level 4, 0/29 HPs)
             Began as a Kobold Berserker on Mar 26, 2021.
             Was a Follower of Trog.
             Succumbed to an adder's poison
             ... on level 2 of the Dungeon.
             The game lasted 00:03:59 (2928 turns).

rel the Cutter (Kobold Berserker)                   Turns: 2928, Time: 00:03:59

Health: 0/29       AC:  2    Str: 14    XL:     4   Next: 37%
Magic:  4/4        EV: 15    Int:  9    God:    Trog [*.....]
Gold:   61         SH:  0    Dex: 14    Spells: 3/3 levels left

rFire    . . .     SeeInvis .   a - +0 short sword
rCold    . . .     Faith    .   (shield restricted)
rNeg     . . .     Spirit   .   b - +0 animal skin
rPois    .         Reflect  .   (no helmet)
rElec    .         Harm     .   (no cloak)
rCorr    .         Rampage  .   (no gloves)
Will     .....                  (no boots)
Stlth    +++.......             (no amulet)
HPRegen  0.09/turn              (no ring)
MPRegen  0.09/turn              (no ring)

@: lethally poisoned (0 -> -4), berserk cooldown, slowed, very slow
A: small, nightstalker 3
a: Renounce Religion, Berserk


You were on level 2 of the Dungeon.
You worshipped Trog.
Trog was aware of your devotion.
You visited 1 branch of the dungeon, and saw 2 of its levels.

You collected 61 gold pieces.

Inventory:

Hand Weapons
 a - a +0 short sword (weapon)
Armour
 b - a +0 animal skin (worn)
Jewellery
 e - a cursed amulet of inaccuracy {unknown}
Scrolls
 c - a scroll of fear {unknown}
 d - 2 scrolls of enchant weapon {unknown}
 f - a scroll of remove curse {unknown}
 g - a scroll of fog
 h - a scroll of noise {unknown}
 i - a scroll of identify {unknown}
 j - a scroll of immolation {unknown}


   Skills:
 * Level 4.0 Fighting
 + Level 4.6 Short Blades
 + Level 1.6 Armour
 * Level 3.1 Dodging
 * Level 2.3 Stealth


You had 3 spell levels left.
You didn't know any spells.
Your spell library was empty.

Dungeon Overview and Level Annotations

Branches:
Dungeon (2/15)

Altars:
Nemelex Xobeh
Qazlal
Vehumet


Innate Abilities, Weirdness & Mutations

You are small and have problems with some larger weapons.
You are completely attuned to the shadows.


Message History

There is a lethal amount of poison in your body!
There is a lethal amount of poison in your body!
You feel a strong urge to attack something.
* * * LOW HITPOINT WARNING * * *
You feel sick.
You are no longer berserk.
You are exhausted.
You feel yourself slow down.
Found 9 stones.
* * * LOW HITPOINT WARNING * * *
You feel sick.
You aren't carrying any potions.
* * * LOW HITPOINT WARNING * * *
You feel sick.
You aren't carrying any potions.
You aren't carrying any potions.
Okay, then.
* * * LOW HITPOINT WARNING * * *
You feel sick.
You die...

#..)##§# #.......## #.#
#...§§§####........#
#.#
#...##§§.....#####.#
#.# ######.§.....#
#.###.# #.......#
#..##.# #.......#
##.##.# #.......#
#.##.# #.......# #..#.#
#.....@.# ##.#.##
#.......# #....#
..(...# #....####
####...# #####.......
#......# #.........##
#......# #.....>.....
#......# #.........##
#..†)..####.........'.
........##...........#.


There were no monsters in sight!

Vanquished Creatures
  2 adders (D:2)
  An ooze (D:2)
  A worm (D:2)
  A leopard gecko (D:2)
  4 giant cockroaches (D:2)
  4 goblins
  6 hobgoblins
  3 kobolds (D:1)
  6 bats
  5 frilled lizards
  6 rats
39 creatures vanquished.

Vanquished Creatures (others)
  A goblin (D:1)
1 creature vanquished.

Grand Total: 40 creatures vanquished

Notes
Turn   | Place    | Note
-------+----------+-------------------------------------------
     0 | D:1      | rel the Kobold Berserker began the quest for the Orb.
     0 | D:1      | Reached XP level 1. HP: 14/14 MP: 1/1
   463 | D:1      | Reached XP level 2. HP: 19/19 MP: 2/2
  1136 | D:1      | Reached skill level 1 in Stealth
  1589 | D:2      | Reached XP level 3. HP: 23/24 MP: 3/3
  1597 | D:2      | Found a sparkling altar of Nemelex Xobeh.
  2226 | D:2      | HP: 1/24 [poisoned by an adder]
  2728 | D:2      | Found a stormy altar of Qazlal.
  2728 | D:2      | Found a radiant altar of Vehumet.
  2813 | D:2      | Reached XP level 4. HP: 29/29 MP: 4/4
  2926 | D:2      | HP: 1/29 [poisoned by an adder]
  2928 | D:2      | Succumbed to an adder's poison

Illustrated notes

Levels and vault maps discovered:
D:1:      dpeg_arrival_three_smaller_balls, layout_loops_corners,
          minmay_hedge_maze, lemuel_old_faithful
D:2:      layout_basic, nicolae_overflow_hidden_temple,
          gammafunk_temple_overflow_pools, patterned_corridor

Skill      XL: |  1  2  3  4 |
---------------+-------------+-----
Stealth        | 1 2 |  2.3
Fighting       | 4 |  4.0
Dodging        | 3 |  3.1
Short Blades   | |  4.6
Armour         | |  1.6

Action                   |  1- 3 |  4- 6 || total
-------------------------+-------+-------++-------
Melee: Short sword       |   127 |    22 ||   149
Invok: Berserk           |     1 |     1 ||     2
  Use: Scroll            |     1 |       ||     1
 Stab: Sleeping          |     9 |       ||     9
Armor: Animal skin       |    25 |     4 ||    29
Dodge: Dodged            |    97 |    13 ||   110
